 Dungeon Crawl Stone Soup version 0.28-a0-556-gab23d0e057 (webtiles) character file.

Game seed: 11924357811645237092

27 siradein the Poker (level 3, -2/28 HPs)
             Began as a Merfolk Gladiator on Sept 28, 2021.
             Slain by an orc (4 damage)
             ... on level 4 of the Dungeon.
             The game lasted 00:03:11 (1118 turns).

siradein the Poker (Merfolk Gladiator)              Turns: 1118, Time: 00:03:12

Health: -2/28      AC:  4    Str: 14    XL:     3   Next: 10%
Magic:  3/3        EV: 13    Int:  7    God:
Gold:   36         SH:  0    Dex: 16    Spells: 2/2 levels left

rFire   . . .      SeeInvis .   a - +0 trident
rCold   . . .      Faith    .   (no shield)
rNeg    . . .      Spirit   .   b - +0 leather armour
rPois   .          Reflect  .   c - +0 helmet
rElec   .          Harm     .   (no cloak)
rCorr   .          Rampage  .   (no gloves)
Will    .....                   (no boots)
Stlth   +.........              (no amulet)
HPRegen 0.09/turn               (no ring)
MPRegen 0.08/turn               (no ring)

@: no status effects
A: (nimble swimmer 2), mertail
a: no special abilities


You were on level 4 of the Dungeon.
You visited 1 branch of the dungeon, and saw 3 of its levels.

You collected 36 gold pieces.

Inventory:

Hand Weapons
 a - a +0 trident (weapon)
Missiles
 d - 3 throwing nets
 e - 5 javelins
 h - 23 stones (quivered)
Armour
 b - a +0 leather armour (worn)
 c - a +0 helmet (worn)
Wands
 k - a wand of iceblast (9)
Scrolls
 f - a scroll of noise {unknown}
 i - a scroll of identify {unknown}
Potions
 g - a potion of attraction {unknown}
 j - a potion of brilliance {unknown}


   Skills:
 + Level 2.7 Fighting
 + Level 4.9 Polearms
 + Level 2.3 Throwing
 + Level 4.4 Dodging


You had 2 spell levels left.
You didn't know any spells.
Your spell library was empty.

Dungeon Overview and Level Annotations

Branches:
Dungeon (2/15)

Altars:


Innate Abilities, Weirdness & Mutations

((You are quick and stealthy near water. (Stealth+, EV+, Speed+++)))
Your lower body shifts to a powerful aquatic tail in water.


Message History

No target in view!
You see here a staff of earth.
i - a scroll labelled NEXKEVVUSM
j - a coppery potion
k - a wand of iceblast (9)
You see here a +0 mace.
You now have 36 gold pieces (gained 10).
You fall into a shaft and drop 2 floors!
The shaft crumbles and collapses.
An orc comes into view. It is wielding a +0 mace.
The orc shouts!
You start waiting.
An orc is nearby!
You reach to attack!
You hit the orc.
The orc is moderately wounded.
You hit the orc but do no damage.
The orc is moderately wounded.
The orc hits you with a +0 mace.
You closely miss the orc.
The orc is moderately wounded.
The orc hits you with a +0 mace.
You barely miss the orc.
The orc is moderately wounded.
The orc hits you with a +0 mace!
You are too injured to fight recklessly!
You are too injured to fight recklessly!
You are too injured to fight recklessly!
You are too injured to fight recklessly!
You hit the orc but do no damage.
The orc is moderately wounded.
The orc hits you with a +0 mace.
* * * LOW HITPOINT WARNING * * *
You hit the orc.
The orc is severely wounded.
The orc hits you with a +0 mace.
* * * LOW HITPOINT WARNING * * *
You closely miss the orc.
The orc is severely wounded.
The orc hits you with a +0 mace.
You die...

#### #..# #..#
#####..# #......#
#.####.## ## #o# #..#
.# #@# ##..o..o. .#
###.# ....... .# #...#
....... .# #.###
....... .# ##.#
#...... .##
#######..###### ....##
..#####...............
##...
#...#...#####.########
##....#### #.#


You could see an orc.

Vanquished Creatures
  A dart slug (D:1)
  2 ball pythons (D:1)
  3 endoplasms
  A giant cockroach (D:1)
  A hobgoblin (D:1)
  4 kobolds (D:1)
  A quokka (D:1)
  5 bats (D:1)
  2 frilled lizards (D:1)
  A goblin (D:1)
  A rat (D:1)
22 creatures vanquished.

Vanquished Creatures (others)
  2 plants (D:1)
2 creatures vanquished.

Grand Total: 24 creatures vanquished

Notes
Turn   | Place    | Note
-------+----------+-------------------------------------------
     0 | D:1      | siradein the Merfolk Gladiator began the quest for the Orb.
     0 | D:1      | Reached XP level 1. HP: 16/16 MP: 1/1
   383 | D:1      | Found a faded altar of an unknown god.
   390 | D:1      | Reached XP level 2. HP: 23/23 MP: 2/2
   767 | D:1      | Reached XP level 3. HP: 28/28 MP: 3/3
  1061 | D:2      | You fall into a shaft and drop 2 floors!
  1118 | D:4      | Slain by an orc

Illustrated notes

Levels and vault maps discovered:
D:1:      dpeg_arrival_shelter, layout_loops_ring,
          dreamdust_ecumenical_altar_grove, serial_forest,
          infiniplex_forest_join, infiniplex_forest_lined_corner,
          infiniplex_forest_diagonal, infiniplex_forest_clump_small
D:2:      layout_loops_ring, basic_altar, uniq_crazy_yiuf_cottage
D:4:      layout_rooms, temple_doors_ab

Action                   || total
-------------------------++-------
Melee: Trident           ||    76
 Stab: Sleeping          ||     2
Armor: Leather armour    ||    23
Dodge: Dodged            ||    48

Table legend: (Time is in decaauts)
 A = Elapsed time spent in this place.
 B = Non-inter-level travel time spent in this place.
 C = Inter-level travel time spent in this place.
 D = Time resting spent in this place.
 E = Time spent auto-exploring this place.
 F = Levels seen in this place.
 G = Mean time per level.
                   A        B        C        D        E       F      G
               +--------+--------+--------+--------+--------+-----+--------+
         Total |   1122 |   1102 |     20 |      4 |    919 |   3 |  374.0 |
       Dungeon |   1122 |   1102 |     20 |      4 |    919 |   3 |  374.0 |
               +--------+--------+--------+--------+--------+-----+--------+

Top non-repeatable levels by time:
     D:1: 1035 daAuts
     D:4: 57 daAuts
     D:2: 29 daAuts
